 Dungeon Crawl Stone Soup version 0.28-a0-1510-gd0f6b136d3 (webtiles) character file.

Game seed: 17720440134655461277

276 HallandMoats the Skirmisher (level 6, -1/53 HPs)
             Began as a Ghoul Fighter on Jan 14, 2022.
             Was a Priest of Lugonu.
             Slain by Sigmund (4 damage)
             ... on level 4 of the Dungeon.
             The game lasted 00:02:43 (2937 turns).

HallandMoats the Skirmisher (Ghoul Fighter)         Turns: 2937, Time: 00:02:44

Health: -1/53      AC:  9    Str: 23    XL:     6   Next: 25%
Magic:  5/5        EV:  9    Int:  5    God:    Lugonu [***...]
Gold:   195        SH:  4    Dex:  8    Spells: 5/5 levels left

rFire   . . .      SeeInvis .   a - +0 war axe
rCold   + . .      Faith    .   c - +0 buckler
rNeg    + + +      Spirit   .   b - +0 scale mail
rPois   ∞          Reflect  .   (no helmet)
rElec   .          Harm     .   (no cloak)
rCorr   .          Rampage  .   g - +1 pair of gloves {Str+3}
Will    .....                   (no boots)
Stlth   ..........              (no amulet)
HPRegen 0.00/turn               (no ring)
MPRegen 0.09/turn               (no ring)

@: mighty, inhibited regen
A: claws 1, cold resistance 1, negative energy resistance 3, inhibited
regeneration, torment resistance 2
a: Renounce Religion, Depart the Abyss, Bend Space, Banish


You were on level 4 of the Dungeon.
You worshipped Lugonu.
Lugonu was most pleased with you.
You visited 1 branch of the dungeon, and saw 4 of its levels.

You collected 195 gold pieces.

Inventory:

Hand Weapons
 a - a +0 war axe (weapon)
Armour
 b - a +0 scale mail (worn)
 c - a +0 buckler (worn)
 g - a +1 pair of gloves of strength (worn)
Jewellery
 l - a ring of flight
 n - an amulet of magic regeneration
Scrolls
 f - 5 scrolls of identify {unknown}
 j - a scroll of enchant weapon {unknown}
 o - a scroll of vulnerability {unknown}
 q - 2 scrolls of amnesia {unknown}
 r - a scroll of enchant armour {unknown}
 s - a scroll of fog {unknown}
Potions
 d - a potion of might
 e - a potion of heal wounds
 h - 3 potions of ambrosia {unknown}
 i - a potion of mutation {unknown}
 k - a potion of experience {unknown}
 m - 2 potions of attraction {unknown}
 p - a potion of cancellation {unknown}


   Skills:
 * Level 4.7 Fighting
 * Level 3.3 Axes
 + Level 3.3 Armour
 + Level 1.4 Dodging
 * Level 3.7 Shields


You had 5 spell levels left.
You didn't know any spells.
Your spell library was empty.

Dungeon Overview and Level Annotations

Branches:
Dungeon (4/15)
 Temple: D:4-7

Altars:
Lugonu

Annotations:
D:4 Sigmund


Innate Abilities, Weirdness & Mutations

You thrive by killing the living.
You are immune to poison.
You have sharp fingernails.
Your flesh is cold resistant. (rC+)
You are immune to negative energy. (rN+++)
You do not regenerate when monsters are visible.
You are immune to unholy pain and torment.


Message History

Ijyb is severely wounded.
You barely miss the hobgoblin. Something hits you!
Ijyb hits you but does no damage. The hobgoblin barely misses you.
You closely miss Ijyb.
Ijyb is severely wounded.
You hit the hobgoblin.
You kill the hobgoblin!
Lugonu accepts your kill.
You feel better. You block Ijyb's attack. You block something's attack.
You closely miss Ijyb.
Ijyb is severely wounded.
Ijyb hits you but does no damage. Something hits you!
Ijyb drinks a potion.
Ijyb is healed!
You barely miss Ijyb. Something hits you but does no damage.
Ijyb barely misses you.
You slash Ijyb!
Ijyb is heavily wounded.
Ijyb screams, "Get away!"
Ijyb completely misses you. You block something's attack.
You hit Ijyb.
Ijyb is severely wounded.
Ijyb hits you with a +0 spectral club. Ijyb hits you but does no damage.
Something hits you!
* * * LOW HITPOINT WARNING * * *
Unknown command.
Ijyb hits you with a +0 spectral club.
* * * LOW HITPOINT WARNING * * *
You see here a hobgoblin corpse.
You miss something. You hit Ijyb.
You kill Ijyb!
Lugonu accepts your kill.
You feel better. Something hits you.
* * * LOW HITPOINT WARNING * * *
You barely miss something. Something hits you.
* * * LOW HITPOINT WARNING * * *
You closely miss something.
You hear a zap.
A puff of flame appears from out of thin air!
You block the puff of flame. Something hits you.
You die...

.....................
......................#
..................#)##
..................#...
.. ....#.#..(......#....
....#....#...###........
....##.......##...#...##
.................##...##
.......@......#..##.....
..$...{)......#...#.....
....#..#......##..##.###
... ##.#####.[###.##....
. .. ###...##....... ##.
#............## ##
#...##...###.##
##..#.........#
....#.....#..##


There were no monsters in sight!

Vanquished Creatures
  A phantom (D:4)
  An orc priest (D:3)
  Ijyb (D:4)
  6 gnolls (D:3)
  An adder (D:3)
  A dart slug (D:3)
  6 orcs (D:3)
  5 ball pythons
  5 endoplasms
  3 giant cockroaches
  16 hobgoblins
  3 jackals (D:2)
  4 quokkas
  4 bats
  4 frilled lizards
  6 goblins
  7 kobolds
  2 rats
76 creatures vanquished.

Vanquished Creatures (others)
  2 fungi (D:1)
  3 plants (D:1)
5 creatures vanquished.

Grand Total: 81 creatures vanquished

Notes
Turn   | Place    | Note
-------+----------+-------------------------------------------
     0 | D:1      | HallandMoats the Ghoul Fighter began the quest for the Orb.
     0 | D:1      | Reached XP level 1. HP: 19/19 MP: 0/0
   192 | D:1      | Reached XP level 2. HP: 22/26 MP: 1/1
   247 | D:1      | Found a faded altar of an unknown god.
   259 | D:1      | Prayed at the altar of an unknown god.
   259 | D:1      | Became a worshipper of Lugonu the Unformed
   259 | D:1      | Reached * piety under Lugonu
   259 | D:1      | Reached ** piety under Lugonu
  1192 | D:2      | Reached XP level 3. HP: 31/31 MP: 2/2
  1749 | D:3      | Reached skill level 4 in Fighting
  1749 | D:3      | Reached XP level 4. HP: 8/40 MP: 3/3
  1903 | D:3      | Reached skill level 1 in Dodging
  1903 | D:3      | Reached XP level 5. HP: 7/46 MP: 4/4
  2163 | D:3      | Reached *** piety under Lugonu
  2766 | D:4      | Noticed a phantom
  2775 | D:4      | Killed a phantom
  2776 | D:4      | Reached XP level 6. HP: 39/53 MP: 5/5
  2916 | D:4      | Noticed Ijyb
  2920 | D:4      | Noticed Sigmund
  2935 | D:4      | Killed Ijyb
  2937 | D:4      | Slain by Sigmund

Illustrated notes

Levels and vault maps discovered:
D:1:      dpeg_arrival_round_b, layout_basic, shapermc_ecumenical_altar_gd,
          minivault_24, minmay_pentomino_q2
D:2:      layout_loops_ring
D:3:      corexii_shack_village, layout_rooms, minmay_misc_feat_rugged
D:4:      layout_cave_pools, gup_ossuary_entry_pyramid,
          biasface_ghost_orc_armoury, minmay_misc_feat_x, uniq_sigmund,
          uniq_ijyb

Skill      XL: |  1  2  3  4  5 |
---------------+----------------+-----
Axes           | 2 3 |  3.3
Shields        | 3 |  3.7
Fighting       | 4 |  4.7
Armour         | 3 |  3.3
Dodging        | 1 |  1.4

Action                   |  1- 3 |  4- 6 || total
-------------------------+-------+-------++-------
Melee: War axe           |   142 |    86 ||   228
  Use: Potion            |       |     1 ||     1
Armor: Scale mail        |    79 |    39 ||   118
Dodge: Dodged            |    84 |    47 ||   131
Block: Buckler           |    21 |    17 ||    38

Table legend: (Time is in decaauts)
 A = Elapsed time spent in this place.
 B = Non-inter-level travel time spent in this place.
 C = Inter-level travel time spent in this place.
 D = Time resting spent in this place.
 E = Time spent auto-exploring this place.
 F = Levels seen in this place.
 G = Mean time per level.
                   A        B        C        D        E       F      G
               +--------+--------+--------+--------+--------+-----+--------+
         Total |   3031 |   2964 |     67 |      0 |   2409 |   4 |  757.8 |
       Dungeon |   3031 |   2964 |     67 |      0 |   2409 |   4 |  757.8 |
               +--------+--------+--------+--------+--------+-----+--------+

Top non-repeatable levels by time:
     D:1: 1164 daAuts
     D:3: 1052 daAuts
     D:2: 635 daAuts
     D:4: 178 daAuts
